AoeStats
← Tomate

Arabia

509954342Analyzed
2v2 RM · 5d ago on Sep 28, 2026· 18m 37s· 4 players
Game mode
Random Map
Map size
Medium (4 player)
Population
200
Speed
Normal
Resources
Standard
Victory
Conquest
Starting age
Dark Age
Ending age
Imperial Age
RankedLock teamsTeams togetherTeam positionsShared explorationLock speedFull tech treeHidden civsTurbo modeCheats
Victory
Defeat
🇨🇱 Persians · Chile
976
+15
🇲🇽 Celts · Mexico
928
+17
🇨🇱 Portuguese · Chile
946
-16
🇨🇱 Khmer · Chile
945
-16
Tomate
11:06 Feudal Age
12:07 Loom
14:51 Bloodlines
16:48 Double-Bit Axe
17:04 Horse Collar
20:12 Castle Age
nnickk0
1:17 Loom
9:56 Feudal Age
12:14 Loom
15:14 Castle Age
13:26 Double-Bit Axe
15:31 Loom
ZopePunk
10:56 Feudal Age
10:16 Loom
11:03 Man-at-Arms
11:40 Double-Bit Axe
14:24 Arson
18:05 Horse Collar
Gwyn
7:06 Loom
9:00 Feudal Age
9:39 Double-Bit Axe
18:45 Castle Age
17:10 Gold Mining
17:15 Horse Collar
Connection lost

Rejoining the realm…

Still unreachable

The connection could not be restored.

Session expired

The server has moved on; the page needs a fresh start.